 Dungeon Crawl Stone Soup version 0.21-a0-509-gecc5317 (webtiles) character file.

45 tof the Twirler (level 3, 6/42 HPs)
             Began as a Demonspawn Gladiator on Nov 30, 2017.
             Quit the game on level 2 of the Dungeon.
             The game lasted 00:03:18 (905 turns).

tof the Twirler (Demonspawn Gladiator)               Turns: 905, Time: 00:03:19

Health: 6/42       AC: 21    Str: 14    XL:     3   Next: 42%
Magic:  3/3        EV:  2    Int:  9    God:
Gold:   61         SH:  0    Dex: 15    Spells: 2/2 levels left

rFire    . . .     SeeInvis .   a - +0 quarterstaff
rCold    . . .     Gourm    .   (shield currently unavailable)
rNeg     + + +     Faith    .   (armour currently unavailable)
rPois    +         Spirit   .   (helmet currently unavailable)
rElec    .         Reflect  .   (cloak currently unavailable)
rCorr    .         Harm     .   (gloves currently unavailable)
MR       .....     NoTele   +   (boots currently unavailable)
Stlth    ..........             (no amulet)
HPRegen  0.14/turn              l - ring of loudness (curse)
MPRegen  0.08/turn              p - ring of wizardry

@: lethally poisoned (6 -> -5), tree-form
A: no striking features
a: no special abilities


You were on level 2 of the Dungeon.
You were not hungry.
You were a tree.
You visited 1 branch of the dungeon, and saw 2 of its levels.

You collected 61 gold pieces.

Inventory:

Hand Weapons
 a - a +0 quarterstaff (weapon)
Missiles
 d - 3 throwing nets
 h - 6 tomahawks (quivered)
Armour
 b - a +0 leather armour (melded)
 c - a +0 helmet (melded)
Jewellery
 l - a cursed ring of loudness (left branch)
 p - a ring of wizardry (right branch)
Scrolls
 g - 3 scrolls of enchant armour {unknown}
 j - a scroll of magic mapping {unknown}
 k - 3 scrolls of identify {unknown}
 m - 2 scrolls of remove curse {unknown}
 n - a scroll of enchant weapon {unknown}
Potions
 o - a potion of lignification
Comestibles
 f - 3 bread rations
 r - 2 chunks of flesh


   Skills:
 + Level 2.4 Fighting
 * Level 3.3 Staves
 - Level 1.7 Throwing
 + Level 1.0 Armour
 + Level 3.0 Dodging


You had 2 spell levels left.
You didn't know any spells.

Dungeon Overview and Level Annotations

Branches:
Dungeon (2/15)

Altars:
Hepliaklqana

Annotations:
D:2 Sigmund


Innate Abilities, Weirdness & Mutations

((You have large cloven feet.))
((You are partially covered in sharp spines.))


Message History

Sigmund hits you but does no damage.
You are poisoned.
* * * LOW HITPOINT WARNING * * *
You feel sick.
* * * LOW HITPOINT WARNING * * *
You feel sick. Sigmund closely misses you.
* * * LOW HITPOINT WARNING * * *
You feel sick.
You turn into a tree.
Your +0 helmet melds into your body.
Your +0 leather armour melds into your body.
Your roots penetrate the ground.
You feel sick. Sigmund hits you but does no damage.
Sigmund points at you and mumbles some strange words.
The magic dart hits you!
You feel sick. Sigmund hits you but does no damage.
You are lethally poisoned!
There is a lethal amount of poison in your body!
There is a lethal amount of poison in your body!
There is a lethal amount of poison in your body!
Are you sure you want to abandon this character and quit the game? (Confirm with "yes".)

############......
#..........'......
#.##########......
#.####### #......
#.#.....# #######
#.#.....#
#.#.....#
#.#.....#
#♣#.....#
#.#.....#
#.@.@...#
..#.#+###'#####
.....>.†......+ .
........#.##### #
.!......#(#
#.#######.# # #.#


You could see Sigmund.

Vanquished Creatures
  An adder (D:2)
  A leopard gecko (D:1)
  A giant cockroach (D:1)
  6 goblins
  5 hobgoblins
  8 jackals
  2 ball pythons
  2 kobolds (D:1)
  5 rats
31 creatures vanquished.

Notes
Turn   | Place    | Note
-------+----------+-------------------------------------------
     0 | D:1      | tof the Demonspawn Gladiator began the quest for the Orb.
     0 | D:1      | Reached XP level 1. HP: 16/16 MP: 1/1
   349 | D:1      | Gained mutation: You are partially covered in sharp spines. [demonic ancestry]
   349 | D:1      | Reached XP level 2. HP: 22/22 MP: 2/2
   702 | D:2      | Found a hazy altar of Hepliaklqana.
   716 | D:2      | Gained mutation: You have large cloven feet. [demonic ancestry]
   716 | D:2      | Reached XP level 3. HP: 27/28 MP: 3/3
   849 | D:2      | Reached skill level 1 in Armour
   885 | D:2      | Noticed Sigmund
   905 | D:2      | Quit the game

Vault maps used:
D:1:      zaba_arrival_water
D:2:      lemuel_round_altar, uniq_sigmund

Skill      XL: |  1  2  3 |
---------------+----------+-----
Staves         | 3 |  3.3
Dodging        | 3 |  3.0
Armour         | 1 |  1.0
Fighting       | |  2.4
Throwing       | |  1.7

Action                   || total
-------------------------++-------
Melee: Quarterstaff      ||    54
Throw: Tomahawk          ||     4
  Use: Potion            ||     6
Armor: Leather armour    ||    17
       Skin              ||     4
Dodge: Dodged            ||    40

Table legend:
 A = Spawn XP
 B = Non-spawn XP
 C = Spawn XP percentage of total XP
 D = Spawn monster count
 E = Non-spawn monster count
 F = Spawn count percentage of total count
 G = Total turns spent on level
                    A         B        C        D         E        F      G
               +---------+---------+-------+---------+---------+-------+---------
         Total |       0 |      65 |   0.0 |       0 |      31 |   0.0 |   905
               +---------+---------+-------+---------+---------+-------+---------
           D:1 |       0 |      32 |   0.0 |       0 |      18 |   0.0 |   641
           D:2 |       0 |      33 |   0.0 |       0 |      13 |   0.0 |   264
               +---------+---------+-------+---------+---------+-------+---------
